 Dungeon Crawl Stone Soup version 0.20.1-1-g8b1a95d (webtiles) character file.

7109 dohliylev the Unseen (level 10, -4/65 HPs)
             Began as a Vampire Enchanter on Dec 8, 2017.
             Was a Priest of Makhleb.
             Slain by a black mamba (6 damage)
             ... on level 2 of the Lair of Beasts.
             The game lasted 00:50:18 (10931 turns).

dohliylev the Unseen (Vampire Enchanter)           Turns: 10931, Time: 00:50:19

Health: -4/65      AC:  9    Str:  7    XL:     10   Next: 85%
Magic:  20/24      EV: 13    Int: 17    God:    Makhleb [***...]
Gold:   687        SH:  0    Dex: 19    Spells: 17/29 levels left

rFire    . . .     SeeInvis +   a - +2 dagger (venom)
rCold    . . .     Gourm    .   (no shield)
rNeg     + . .     Faith    .   w - +1 robe {Archmagi}
rPois    .         Spirit   .   l - +0 helmet
rElec    .         Reflect  .   (no cloak)
rCorr    .         Harm     .   (no gloves)
MR       +....                  (no boots)
Stlth    ++++++....             (no amulet)
Regen    0.2/turn               A - +5 ring of protection
MPRegen  0.2/turn               (no ring)

@: lethally poisoned (-4 -> -69)
A: fangs 3, see invisible, unbreathing
a: Bat Form, Minor Destruction, Lesser Servant of Makhleb, Renounce Religion


You were on level 2 of the Lair of Beasts.
You worshipped Makhleb.
Makhleb was most pleased with you.
You were not thirsty.

You visited 3 branches of the dungeon, and saw 11 of its levels.

You collected 687 gold pieces.

Inventory:

Hand Weapons
 a - a +2 dagger of venom (weapon)
 y - a +0 dagger of speed
Armour
 l - a +0 helmet (worn)
 w - a +1 robe of the Archmagi (worn)
Jewellery
 A - a +5 ring of protection (left hand)
Wands
 t - a wand of flame (36/48)
 v - a wand of flame (26/48)
 D - a wand of polymorph (8/24)
Scrolls
 b - 2 scrolls of fog
 e - 3 scrolls of enchant armour
 g - a scroll of fear {unknown}
 h - 2 scrolls of enchant weapon
 i - 9 scrolls of remove curse
 k - a scroll of teleportation
 m - 3 scrolls of immolation {unknown}
 n - 2 scrolls of blinking
 p - a scroll of amnesia {unknown}
 r - 4 scrolls of recharging
 B - 3 scrolls of identify
Potions
 d - 18 potions of blood
 f - a potion of ambrosia {unknown}
 j - 2 potions of brilliance
 o - a potion of might {unknown}
 q - 2 potions of berserk rage
 s - 3 potions of curing
 u - a potion of resistance {unknown}
 z - a potion of magic {unknown}
 C - a potion of haste {unknown}
 E - 2 potions of mutation {unknown}
 F - a potion of heal wounds {unknown}
Books
 c - a book of Maledictions

   Spells                             Type                      Level
   a - Corona                         Hexes                        1
   b - Ensorcelled Hibernation        Hexes/Ice                    2
   c - Confuse                        Hexes                        3
   d - Tukima's Dance                 Hexes                        3
   e - Dazzling Spray                 Conjuration/Hexes            3
 x - a book of Necromancy

   Spells                             Type                      Level
   a - Pain                           Necromancy                   1
   b - Animate Skeleton               Necromancy                   1
   c - Vampiric Draining              Necromancy                   3
   d - Regeneration                   Charms/Necromancy            3
   e - Animate Dead                   Necromancy                   4
   f - Control Undead                 Necromancy                   4


   Skills:
 - Level 1.0 Fighting
 - Level 1.1 Short Blades
 - Level 2.1 Dodging
 - Level 15.2 Stealth
 - Level 10.0 Spellcasting
 - Level 6.4 Hexes
 - Level 1.0 Ice Magic
 * Level 6.5 Invocations


You had 17 spell levels left.
You knew the following spells:

 Your Spells              Type           Power        Failure   Level  Hunger
a - Corona                Hex            #####..      1%          1    None
b - Ensorcelled Hibernat  Hex/Ice        ####..       2%          2    None
c - Confuse               Hex            #####...     1%          3    None
d - Regeneration          Chrm/Necr      ##........   26%         3    None
e - Vampiric Draining     Necr           ##........   26%         3    None


Dungeon Overview and Level Annotations

Branches:
Dungeon (8/15)             Temple (1/1) D:4            Lair (2/6) D:8
  Swamp: Lair:2-4    Shoals: Lair:2-4     Snake: Lair:2-4    Spider: Lair:2-4

Altars:
Ashenzari
Cheibriados
Dithmenos
Elyvilon
Fedhas
Gozag
Hepliaklqana
Kikubaaqudgha
Makhleb
Nemelex Xobeh
Okawaru
Qazlal
Ru
Sif Muna
Uskayaw
Vehumet
Xom
Yredelemnul
Zin
The Shining One

Shops:
D:5 (


Innate Abilities, Weirdness & Mutations

You have razor-sharp teeth.
You have supernaturally acute eyesight. (SInv)
You can survive without breathing.


Message History

* * * LOW HITPOINT WARNING * * *
You are lethally poisoned!
The black mamba poisons you! The black mamba bites you.
* * * LOW HITPOINT WARNING * * *
You are more poisoned.
The black mamba poisons you!
Casting: Ensorcelled Hibernation
Confirm with . or Enter, or press ? or * to list all spells.
Aiming: Ensorcelled Hibernation
Press: ? - help, Shift-Dir - straight line, f/p - black mamba
Aim: a black mamba (chance to defeat MR: 60%)
You feel a surge of power!
The black mamba resists with significant effort.
* * * LOW HITPOINT WARNING * * *
You feel very sick. The black mamba bites you.
* * * LOW HITPOINT WARNING * * *
You are more poisoned.
The black mamba poisons you! The black mamba bites you.
You die...

... .P.....##..#. ...
....S........ .## P.
##...PP...#. ....#.# #####
#.......###.
......P###P#.###.#.........
.......#.#.............P...
...P...<.......#.#.....P...
#.......#............#.###.
#......#..@S........P######
#...........###.....## #.#
#....##...#.P##.....# #.
.....#.#...###......#### ##
####........P###...#.#.####
..##.................#.. ##
###...##...........#..
..##.....###......#...#..
#...............###P....


You could see a black mamba.

Vanquished Creatures
  Pikel (D:6)
  2 black mambas (Lair:1)
  Joseph (D:7)
  4 spiny frogs
  A hippogriff (Lair:1)
  A wyvern (D:8)
  3 porcupines
  3 water moccasins
  A slave (D:6)
  3 black bears (D:8)
  3 ice beasts
  3 ogres
  A phantom (D:7)
  3 centaurs
  A crocodile (D:8)
  2 big kobolds
  9 bullfrogs
  A wyvern skeleton (D:8)
  9 killer bees
  2 scorpions
  2 howler monkeys
  5 crimson imps
  A bullfrog zombie (D:5)
  2 jellies
  4 hounds
  An orc priest (D:6)
  7 orc wizards
  Jessica (D:2)
  2 iguanas
  5 worker ants
  2 worker ant zombies (D:7)
  9 adders
  13 gnolls
  2 shadow imps
  2 adder skeletons
  An adder zombie (D:7)
  3 worms
  2 dart slugs
  4 leopard geckos
  13 orcs
  8 bats
  2 giant cockroaches (D:5)
  2 gnoll zombies (D:3)
  4 goblins
  9 hobgoblins
  4 jackals
  4 quokkas
  3 ball pythons
  7 frilled lizards
  13 kobolds
  2 leopard gecko skeletons
  9 rats
202 creatures vanquished.

Vanquished Creatures (others)
  A slave (D:6)
  A centaur (D:7)
  A bullfrog (D:7)
  2 orc wizards (D:6)
  A worker ant (D:7)
  A quokka skeleton (D:7)
  15 fungi
  2 plants (D:8)
24 creatures vanquished.

Grand Total: 226 creatures vanquished

Notes
Turn   | Place    | Note
-------+----------+-------------------------------------------
     0 | D:1      | dohliylev the Vampire Enchanter began the quest for the Orb.
     0 | D:1      | Reached XP level 1. HP: 13/13 MP: 3/3
   232 | D:1      | Reached XP level 2. HP: 20/20 MP: 5/5
   278 | D:1      | Learned a level 2 spell: Ensorcelled Hibernation
   331 | D:1      | Reached skill level 5 in Stealth
   824 | D:2      | Reached skill level 5 in Hexes
   872 | D:2      | Reached XP level 3. HP: 23/25 MP: 4/6
  1175 | D:2      | Noticed Jessica
  1182 | D:2      | Killed Jessica
  1345 | D:2      | Reached XP level 4. HP: 30/31 MP: 3/7
  1583 | D:3      | Reached skill level 1 in Ice Magic
  1926 | D:3      | Learned a level 3 spell: Confuse
  1989 | D:3      | Reached skill level 6 in Stealth
  2088 | D:3      | Found a basalt altar of Yredelemnul.
  2564 | D:4      | Found a staircase to the Ecumenical Temple.
  2610 | Temple   | Entered the Ecumenical Temple
  2664 | Temple   | Became a worshipper of Makhleb the Destroyer
  2715 | D:4      | Found a shadowy altar of Dithmenos.
  2735 | D:4      | Found a shattered altar of Ashenzari.
  3015 | D:4      | Found a shadowy altar of Dithmenos.
  3015 | D:4      | Found a shimmering altar of Xom.
  3113 | D:4      | Reached XP level 5. HP: 36/36 MP: 5/9
  3198 | D:5      | Entered Level 5 of the Dungeon
  3206 | D:5      | Found Doanehoe's Weapon Shoppe.
  3246 | D:5      | Noticed an ice beast
  3403 | D:4      | Reached skill level 7 in Stealth
  3654 | D:5      | Noticed an ice beast
  3673 | D:5      | HP: 1/36 [ice beast (12)]
  4011 | D:5      | Killed an ice beast
  4011 | D:5      | Reached skill level 1 in Fighting
  4011 | D:5      | Reached XP level 6. HP: 43/43 MP: 0/10
  4063 | D:5      | Reached skill level 8 in Stealth
  4633 | D:4      | Reached skill level 9 in Stealth
  4762 | D:5      | Killed an ice beast
  4762 | D:5      | Reached XP level 7. HP: 22/48 MP: 3/12
  5262 | D:5      | Reached * piety under Makhleb
  5356 | D:5      | Reached skill level 5 in Spellcasting
  5720 | D:5      | Found an ancient bone altar of Kikubaaqudgha.
  5720 | D:5      | Found a blossoming altar of Fedhas.
  5725 | D:5      | Found a faded altar of an unknown god.
  5728 | D:5      | Found a sacrificial altar of Ru.
  5730 | D:5      | Found a faded altar of an unknown god.
  6020 | D:6      | Reached XP level 8. HP: 54/54 MP: 8/17
  7055 | D:6      | Noticed Pikel
  7065 | D:6      | Killed Pikel
  7111 | D:6      | Reached XP level 9. HP: 57/59 MP: 13/22
  7324 | D:6      | Learned a level 3 spell: Regeneration
  7328 | D:6      | Learned a level 3 spell: Vampiric Draining
  7466 | D:7      | Noticed Joseph
  7473 | D:7      | Killed Joseph
  7556 | D:7      | Reached ** piety under Makhleb
  7641 | D:7      | Reached skill level 10 in Spellcasting
  7845 | D:7      | Found an iron altar of Okawaru.
  7871 | D:7      | Reached skill level 1 in Invocations
  8596 | D:8      | Reached skill level 10 in Stealth
  8670 | D:8      | Found a staircase to the Lair.
  8883 | D:7      | Reached skill level 11 in Stealth
  9095 | D:7      | Reached skill level 5 in Invocations
  9111 | D:7      | Reached XP level 10. HP: 65/65 MP: 15/24
  9657 | D:8      | Reached skill level 12 in Stealth
  9836 | Lair:1   | Entered Level 1 of the Lair of Beasts
  9946 | Lair:1   | Noticed a black mamba
  9954 | Lair:1   | Killed a black mamba
  9954 | Lair:1   | Reached *** piety under Makhleb
  9954 | Lair:1   | Reached skill level 13 in Stealth
 10136 | Lair:1   | Noticed a black mamba
 10186 | Lair:1   | Killed a black mamba
 10372 | Lair:1   | Noticed a spiny frog
 10378 | Lair:1   | Killed a spiny frog
 10378 | Lair:1   | Reached skill level 14 in Stealth
 10416 | Lair:1   | Noticed a spiny frog
 10424 | Lair:1   | Killed a spiny frog
 10544 | Lair:1   | Noticed a spiny frog
 10552 | Lair:1   | Killed a spiny frog
 10803 | Lair:2   | Noticed a spiny frog
 10806 | Lair:2   | Killed a spiny frog
 10806 | Lair:2   | Reached skill level 15 in Stealth
 10874 | Lair:2   | Noticed a black mamba
 10931 | Lair:2   | HP: 2/65 [black mamba (4)]
 10931 | Lair:2   | Slain by a black mamba

Skill      XL: |  1  2  3  4  5  6  7  8  9 10 |
---------------+-------------------------------+-----
Stealth        | 5 6 7 9 11 15 | 15.2
Hexes          | 5 6 |  6.4
Ice Magic      | 1 |  1.0
Spellcasting   | 3 6 9 10 | 10.0
Fighting       | 1 |  1.0
Invocations    | 5 6 |  6.5
Short Blades   | |  1.1
Dodging        | |  2.1

Action                   |  1- 3 |  4- 6 |  7- 9 | 10-12 || total
-------------------------+-------+-------+-------+-------++-------
Melee: Dagger            |    79 |    91 |   136 |    36 ||   342
       Bite              |     6 |     1 |     5 |     2 ||    14
       Unarmed           |       |    18 |     1 |     1 ||    20
 Cast: Ensorcelled Hiber |    13 |    38 |   125 |    34 ||   210
       Corona            |     3 |     7 |    15 |       ||    25
       Confuse           |       |    10 |     7 |     3 ||    20
Invok: Minor Destruction |       |       |       |     8 ||     8
 Abil: End Transformatio |     1 |    37 |    53 |    22 ||   113
       Bat Form          |     1 |    37 |    53 |    22 ||   113
  Use: Potion            |       |     5 |     8 |     1 ||    14
       Scroll            |       |       |    10 |     1 ||    11
 Stab: Sleeping          |    17 |    32 |    87 |    24 ||   160
       Confused          |       |     3 |     6 |     1 ||    10
  Eat: Corpse            |     8 |     2 |    10 |     1 ||    21
Armor: Robe              |    24 |     8 |    22 |     8 ||    62
Dodge: Dodged            |    66 |    67 |    99 |    30 ||   262
